[Event "FIDE Open World Rapid 2024"]
[Site "New York"]
[Date "2024.12.27"]
[Round "7.44"]
[White "Grahn, Vidar"]
[Black "Wanyama, Harold"]
[Result "0-1"]
[ECO "E04"]
[WhiteElo "2263"]
[BlackElo "2154"]
[Annotator "ChessBase"]
[PlyCount "106"]
[EventDate "2024.12.14"]
[EventType "swiss"]
[EventCountry "USA"]
[SourceTitle "playchess.com"]
[Source "ChessBase"]
[SourceQuality "1"]
[TimeControl "900+10"]

1. d4 d5 2. c4 e6 3. Nf3 Nf6 4. g3 dxc4 5. Bg2 Nc6 6. Qa4 Bb4+ 7. Bd2 Nd5 8. Qb5 Bxd2+ 9. Nbxd2 c3 10. bxc3 Nxc3 11. Qb3 Nd5 12. O-O O-O 13. Rfc1 Nb6 14. e3 e5 15. dxe5 Qe7 16. Qb2 Nb4 17. Qc3 c6 18. a3 N4d5 19. Qc2 Bg4 20. h3 Bh5 21. e4 Nc7 22. a4 Nd7 23. Qb2 Nc5 24. Qa3 N7a6 25. Nc4 Rad8 26. Nh4 Be2 27. Nf5 Qe6 28. Nfe3 f6 29. exf6 Qxf6 30. f4 Bxc4 31. Nxc4 Rd3 32. Qa2 Qd4+ 33. Kh2 Nb4 34. Qe2 Nb3 35. Ne5 Nxc1 36. Rxc1 Rd2 37. Qg4 Qd6 38. Nc4 Rxg2+ 39. Kxg2 Qe7 40. Ne5 Rd8 41. Rd1 Rxd1 42. Qxd1 h6 43. Kf3 a5 44. Ng6 Qf6 45. Qb3+ Kh7 46. f5 Qd6 47. e5 Qd4 48. Nf8+ Kh8 49. Ng6+ Kh7 50. Ne7 Nd5 51. Nxd5 cxd5 52. Qe3 Qxa4 53. e6 Qc6 0-1

[Event "FIDE Open World Rapid 2024"]
[Site "New York"]
[Date "2024.12.27"]
[Round "7.45"]
[White "Tang, Andrew"]
[Black "Anton Guijarro, David"]
[Result "0-1"]
[ECO "D02"]
[WhiteElo "2527"]
[BlackElo "2673"]
[Annotator "ChessBase"]
[PlyCount "122"]
[EventDate "2024.12.14"]
[EventType "swiss"]
[EventCountry "USA"]
[SourceTitle "playchess.com"]
[Source "ChessBase"]
[SourceQuality "1"]
[TimeControl "900+10"]

1. d4 d5 2. Nf3 e6 3. Bf4 Bd6 4. e3 Nf6 5. Nbd2 O-O 6. c3 Nc6 7. Bd3 Qe7 8. Ne5 Nd7 9. Ndf3 f6 10. Nxd7 Bxd7 11. Bxd6 cxd6 12. O-O e5 13. e4 dxe4 14. Bxe4 f5 15. Bd5+ Kh8 16. dxe5 dxe5 17. Re1 e4 18. Bxc6 bxc6 19. Ne5 Qxe5 20. Qxd7 Qb5 21. b3 a5 22. Rad1 a4 23. c4 Qb6 24. Rf1 axb3 25. axb3 Qxb3 26. Qxc6 Rac8 27. Qb5 Qxc4 28. Qxc4 Rxc4 29. Rd7 h6 30. g3 f4 31. Re7 Rf5 32. Re1 e3 33. fxe3 fxg3 34. hxg3 Rg4 35. Kh2 Rh5+ 36. Kg2 Rhg5 37. e4 Rxg3+ 38. Kf2 Rg2+ 39. Kf3 Rg1 40. Re2 Rf1+ 41. Ke3 Rg3+ 42. Kd4 Rd1+ 43. Ke5 Kh7 44. Ke6 Rg6+ 45. Kf7 Rf6+ 46. Ke8 Kg8 47. Re5 Ra1 48. Rf5 Ra8+ 49. Ke7 Ra7+ 50. Ke8 Rxf5 51. exf5 Rf7 52. Rf2 Rf6 53. Ke7 Kh7 54. Rf1 h5 55. Rf2 Kh6 56. Rf1 h4 57. Rf2 Kh5 58. Rf1 h3 59. Rg1 Rxf5 60. Rxg7 Kh4 61. Ke6 Rh5 0-1

[Event "FIDE Open World Rapid 2024"]
[Site "New York"]
[Date "2024.12.27"]
[Round "7.46"]
[White "Khanin, Semen"]
[Black "Andriasian, Zaven"]
[Result "1/2-1/2"]
[ECO "D10"]
[WhiteElo "2568"]
[BlackElo "2554"]
[Annotator "ChessBase"]
[PlyCount "55"]
[EventDate "2024.12.14"]
[EventType "swiss"]
[EventCountry "USA"]
[SourceTitle "playchess.com"]
[Source "ChessBase"]
[SourceQuality "1"]
[TimeControl "900+10"]

1. d4 d5 2. c4 c6 3. cxd5 cxd5 4. Bf4 Nc6 5. e3 Nf6 6. Bd3 Bg4 7. f3 Bd7 8. Nc3 e6 9. g4 Bb4 10. Nge2 Qe7 11. Kf2 O-O 12. h4 Bd6 13. Bg5 Rfe8 14. Nf4 h6 15. Bxf6 Qxf6 16. g5 Qe7 17. gxh6 Bxf4 18. exf4 gxh6 19. Ne2 Kh8 20. a3 Rg8 21. Bc2 f5 22. Qd2 Rg7 23. Rag1 Rxg1 24. Nxg1 Rg8 25. Ne2 Qg7 26. Rg1 Qf6 27. Rh1 Qg7 28. Rg1 1/2-1/2